cohdb
Replays
Latest Replays
All Replays
Popular Replays
Top Player Replays
Match Explorer
How It Works
Community
CoH3 Stats
Reddit
Sign in to upload your games and track your stats! →
Sign in with Steam
Match 45714208
Unlisted
Match 45714208
Overview
Messages
Build Orders
End
Selects Luftwaffe Battlegroup
Selects Luftwaffe Pioneer Support
Fallschirmpioneer Squad Paradrop
Construct Infanterie Kompanie
Fallschirmpioneer Squad Paradrop
Grenadier Squad
Infanterie Officer Quarters
Fallschirmpioneer Squad Paradrop
Construct Panzergrenadier Kompanie
Construct Luftwaffe Kompanie
Medical Station
Flak 30 Anti-aircraft Gun Team
Selects Stuka Strafing Run
Support Elements
Wirbelwind Flakpanzer
赵天天001
天天关注喵
Esxile
threestars
0
0
Comments
sign in to comment!
No comments posted yet!